Map: Frostline LE

Players

Light

  • Race: Zerg Zerg
  • League: Diamond
  • Spawn Location: 1:00

llllllllllll - Winner!

  • Race: Zerg Zerg
  • League: Diamond
  • Spawn Location: 7:00

VOD

Have the link to the VOD?

Description

Time

  • Played on: April 25, 2025, 7:32 a.m.
  • Length: 3:44
Show
View Real Time Build Order
Export as new Build Order

Light Zerg 

Build Orders: Hatch First 

Get SALT Encoding   

  12  0:01  Drone  
  13  0:09  Drone  
  14  0:18  Extractor  
  14  0:19  Drone  
  14  0:24  Overlord  
  15  0:43  Drone x2  
  15  0:48  Drone  
  18  1:00  Drone  
  18  1:02  Hatchery  
  18  1:04  Extractor  
  17  1:14  Spawning Pool  
  17  1:16  Drone  
  17  1:19  Drone  
  18  1:29  Drone  
  19  1:41  Drone  
  20  1:50  Drone  
  21  2:02  Zergling x2  
  22  2:13  Queen, Overlord  
  24  2:16  Queen  
  24  2:17  Metabolic Boost  
  26  2:23  Zergling x4  
  28  2:30  Overlord  
  28  2:40  Drone  
  28  2:41  Drone  
  30  2:48  Drone x2  
  32  3:00  Drone  
  32  3:01  Drone  
  34  3:14  Drone x2  
  34  3:15  Hatchery  
  37  3:21  Baneling Nest  
  37  3:24  Zergling x2  
  32  3:27  Zergling x10  
Show
View Real Time Build Order
Export as new Build Order

llllllllllll Zerg - Winner!

Build Orders: Hatch First 

Get SALT Encoding   

  12  0:00  Drone  
  13  0:08  Drone  
  14  0:14  Extractor  
  14  0:15  Drone  
  15  0:36  Hatchery  
  15  0:39  Extractor  
  15  0:41  Drone  
  14  0:56  Spawning Pool  
  13  1:01  Drone  
  14  1:09  Overlord  
  14  1:43  Zergling x6  
  14  1:45  Metabolic Boost  
  17  1:48  Queen  
  17  1:52  Zergling x2  
  20  1:56  Zergling x2  
  20  2:00  Zergling x2  
  22  2:04  Zergling x2  
  23  2:12  Zergling x2  
  24  2:15  Zergling x2  
  24  2:21  Zergling x2  
  26  2:27  Zergling x2  
  27  2:32  Zergling x2  
  28  2:40  Overlord  
  28  2:42  Overlord  
  28  2:58  Zergling x12  
  34  3:08  Zergling x2  
  35  3:16  Zergling x2  
  36  3:22  Zergling x4  
Tags
 
Add a new tag
Caveats
  • Supply blocks, unpowered buildings, or Contaminate may cause inaccurate times.
  • Supply counts are checked every 10 seconds.